 Dungeon Crawl Stone Soup version 0.26.1-11-gd32895ea62 (webtiles) character file.

Game seed: 13862775347355332322

39 Bergy the Cudgeller (level 3, -1/23 HPs)
             Began as a Gargoyle Fighter on July 16, 2021.
             Slain by a jackal (2 damage)
             ... on level 2 of the Dungeon.
             The game lasted 00:02:33 (1022 turns).

Bergy the Cudgeller (Gargoyle Fighter)              Turns: 1022, Time: 00:02:34

Health: -1/23      AC: 10    Str: 20    XL:     3   Next: 45%
Magic:  3/3        EV:  7    Int:  8    God:
Gold:   65         SH:  9    Dex:  9    Spells: 2/2 levels left

rFire    . . .     SeeInvis .   a - +0 flail
rCold    . . .     Faith    .   c - +0 kite shield
rNeg     + . .     Spirit   .   b - +0 scale mail
rPois    ∞         Reflect  .   (no helmet)
rElec    +         Harm     .   (no cloak)
rCorr    .         Rampage  .   (no gloves)
Will     .....                  (no boots)
Stlth    ..........             (no amulet)
HPRegen  0.07/turn              (no ring)
MPRegen  0.08/turn              (no ring)

@: no status effects
A: negative energy resistance 1, electricity resistance, unbreathing,
petrification resistance, miasma immunity, AC +3
a: no special abilities


You were on level 2 of the Dungeon.
You visited 1 branch of the dungeon, and saw 2 of its levels.

You collected 65 gold pieces.

Inventory:

Hand Weapons
 a - a +0 flail (weapon)
Armour
 b - a +0 scale mail (worn)
 c - a +0 kite shield (worn)
 g - a +0 helmet
Jewellery
 e - an uncursed ring of protection from cold {unknown}
Scrolls
 h - 2 scrolls of teleportation {unknown}
 j - a scroll of enchant armour {unknown}
 l - a scroll of identify {unknown}
Potions
 d - a potion of might
 f - 2 potions of curing {unknown}
 i - 2 potions of magic {unknown}
 k - a potion of lignification {unknown}


   Skills:
 - Level 3.2 Fighting
 * Level 3.7 Maces & Flails
 - Level 3.2 Armour
 - Level 3.2 Shields


You had 2 spell levels left.
You didn't know any spells.
Your spell library was empty.

Dungeon Overview and Level Annotations

Branches:
Dungeon (2/15)

Altars:


Innate Abilities, Weirdness & Mutations

You are resistant to torment.
Your stone body is resilient. (AC +3)
You are immune to poison.
You resist negative energy. (rN+)
You are resistant to electric shocks. (rElec)
You can survive without breathing.
You are immune to petrification.
You are immune to miasma.


Message History

The jackal bites you but does no damage.
You block the adder's attack. The jackal bites you.
* * * LOW HITPOINT WARNING * * *
The adder bites you but does no damage.
You hit the adder.
The adder is heavily wounded.
The jackal bites you.
* * * LOW HITPOINT WARNING * * *
You block the adder's attack.
The jackal bites you but does no damage.
You block the adder's attack.
You miss the adder.
The adder is heavily wounded.
The jackal bites you but does no damage.
You block the adder's attack.
You closely miss the adder.
The adder is heavily wounded.
You block the jackal's attack. You block the adder's attack.
The jackal bites you.
You die...

... ## ... # #.#
..#... .#
#######.####....##.#
#.........##[.<....
#.........#.)##..#
#<..........#..†#
#...†......##..#
#.........S##..#
#.........@h...#
#.........##...#
#######.####..##
..... #.## #......
..# #........##
#........ #.. ..#


You could see an adder and a jackal.

Vanquished Creatures
  An adder (D:2)
  An ooze (D:1)
  A dart slug (D:2)
  A leopard gecko (D:1)
  3 bats (D:1)
  2 giant cockroaches
  3 goblins (D:1)
  2 hobgoblins (D:1)
  3 frilled lizards (D:1)
  4 kobolds
  A rat (D:1)
22 creatures vanquished.

Notes
Turn   | Place    | Note
-------+----------+-------------------------------------------
     0 | D:1      | Bergy the Gargoyle Fighter began the quest for the Orb.
     0 | D:1      | Reached XP level 1. HP: 14/14 MP: 1/1
   279 | D:1      | Reached XP level 2. HP: 17/19 MP: 2/2
   627 | D:1      | Reached XP level 3. HP: 21/23 MP: 3/3
  1020 | D:2      | HP: 1/23 [jackal (1)]
  1022 | D:2      | Slain by a jackal

Illustrated notes

Levels and vault maps discovered:
D:1:      minmay_arrival_stair_chambers, layout_basic
D:2:      layout_rooms, lemuel_round_altar, minmay_pentomino_x2

Skill      XL: |  1  2 |
---------------+-------+-----
Maces & Flails | 3 |  3.7
Fighting       | |  3.2
Armour         | |  3.2
Shields        | |  3.2

Action                   || total
-------------------------++-------
Melee: Flail             ||   104
Armor: Scale mail        ||    64
Dodge: Dodged            ||    38
Block: Kite shield       ||    69
